[Event "*** Titled Tuesday Blitz"]
[Site "Chess.com"]
[Date "2020.05.19"]
[Round "2"]
[White "fodorpoti"]
[Black "dragos420"]
[Result "1-0"]
[WhiteElo "2766"]
[BlackElo "2503"]
[TimeControl "180+1"]
[EndTime "12:19:29 PDT"]
[Termination "fodorpoti won on time"]

1. d4 Nf6 2. c4 e6 3. Nc3 Bb4 4. Qc2 O-O 5. e4 d5 6. e5 Ne4 7.
Bd3 c5 8. Nf3 cxd4 9. Nxd4 Nd7 10.
Bf4 Qh4 11. g3 Qh5 12. O-O g5 13. cxd5 gxf4 14. dxe6 fxe6 15. Nxe4 Nxe5 16. f3 fxg3 17. Nxg3 Qh6 18. Kg2 Kh8 19. a3 Qd2+ 20. Qxd2 Bxd2 21.
Be4 Bd7 22. Rad1 Bf4 23. Nge2 Rg8+ 24. Kh1 Be3 25. Ng3 Bxd4 26. Rxd4 Bc6 27. Bxc6 Nxc6 28. Rd7 Rg7 29. Rfd1 Rf8 30. Kg2 Rff7 31. Rxf7 Rxf7 32. Re1 e5 33. b4 Kg7 34. b5 Nd4 35. Rxe5 Nxf3 36.
Re4 Kf8 37. h4 Nd2 38. Rd4 Nb3 39. Rd8+ Kg7 40. Rb8 Nc5 41. h5 Kh6 42. Rg8 Rg7 43. Re8 Rg5 44. Kh3 b6 45. Re7 Rxh5+ 46. Nxh5 Kxh5 47.
Rxh7+ Kg5 48. Rxa7 Kf5 49. Ra6 Nd7 50. a4 Ke5 51. a5 bxa5 52. Rc6 Kd5 53. Rc7 Nb6 54. Kg4 a4 55. Kf3 a3 56. Ke3 a2 57. Ra7 Kc5 58.
Rxa2 Kxb5 59. Kd4 Kc6 60. Rc2+ Kb7 61. Kc5 Nc8 62. Rh2 Kb8 63. Rh7 Ka8 64. Kc6 Kb8 65. Rh8 1-0

[Event "*** Titled Tuesday Blitz"]
[Site "Chess.com"]
[Date "2020.05.19"]
[Round "2"]
[White "mbachez"]
[Black "Gajuchess"]
[Result "0-1"]
[WhiteElo "2486"]
[BlackElo "2730"]
[TimeControl "180+1"]
[EndTime "12:19:29 PDT"]
[Termination "Gajuchess won by resignation"]

1. d4 Nf6 2. g3 d5 3. Bg2 Bf5 4. Nf3 e6 5. O-O Be7 6. c4 c6 7. Qb3 Qb6 8. Nc3 Nbd7 9. c5 Qa6 10. Re1 b6 11. Bf1 Qc8 12. cxb6 axb6 13. Nh4 Bg4 14. f3 Bh5 15. e4 O-O 16. Bg2 dxe4 17. fxe4 e5 18.
Nf5 Re8 19. Nxe7+ Rxe7 20. Be3 Ng4 21. Bg5 Re8 22. h3 Ngf6 23. Be3 Bg6 24. Rad1 exd4 25. Bxd4 Qc7 26. Bf2 Ne5 27. Bxb6 Qc8 28. Bd4 Rb8 29. Qc2 Qc7 30. b3 h6 31. Bf2 Qe7 32. Na4 Nh7 33. h4 Nf6 34. Bc5 Qe6 35. Rd6 Qc8 36.
Rf1 Nh5 37. Bf2 Ng4 38. Rxc6 Qb7 39. Rc4 Qe7 40. Qe2 Ne5 41. Rd4 Nf6 42. Nc3 Neg4 43. Nd5 Nxd5 44. Qxg4 Nf6 45. Qf4 Nxe4 46. Bxe4 Bxe4 47.
Re1 f5 48. g4 Qf7 49. gxf5 Bxf5 50. Rxe8+ Rxe8 51. Bg3 Qa7 52. Qf2 Bc8 53. Rf4 Qe7 54.
Kh2 Bb7 55. Rg4 Qe6 56. Qd4 Re7 57. Qc4 Bd5 58. Qd4 Qe2+ 59. Bf2 Qf3 60. Qf4 Qh1+ 0-1

[Event "*** Titled Tuesday Blitz"]
[Site "Chess.com"]
[Date "2020.05.19"]
[Round "2"]
[White "Baby_Legs"]
[Black "louis198"]
[Result "0-1"]
[WhiteElo "2703"]
[BlackElo "2500"]
[TimeControl "180+1"]
[EndTime "12:19:29 PDT"]
[Termination "louis198 won by resignation"]

1. d4 Nf6 2. c4 c5 3. d5 b5 4.
cxb5 a6 5. bxa6 Bxa6 6. Nc3 d6 7. e4 Bxf1 8. Kxf1 Nbd7 9. Nf3 g6 10. g3 Bg7 11. Kg2 O-O 12. a4 Qa5 13. Bd2 Qb4 14. Qe2 Rfb8 15. Rhb1 Qb7 16. Nb5 Nb6 17. b3 Nfxd5 18.
exd5 Bxa1 19. Rxa1 Nxd5 20. Re1 Qd7 21. Qe4 e6 22. h4 Ne7 23. Bc3 d5 24. Qf4 d4 25. Bd2 Nd5 26. Qe5 Re8 27. Rc1 f6 28. Qe4 Rac8 29. h5 Kg7 30. Rh1 g5 31. h6+ Kg8 32.
Rh5 e5 33. Nxg5 f5 34. Qh4 Nf6 35. Nh3 Nxh5 36. Qxh5 Rc6 37. Ng5 Rg6 38. Qe2 f4 39. Qc4+ Kf8 40. Qxc5+ Qe7 41. Bb4 Qxc5 42. Bxc5+ Kg8 43.
Nf3 d3 44. Nd2 e4 45. Nc4 e3 46. fxe3 Rxg3+ 47. Kf2 fxe3+ 48. Kxg3 d2 49. Nc3 e2 50. Nxe2 d1=Q 51. Nf4 Qe1+ 52. Kf3 Qd1+ 53. Kg3 Qxb3+ 54. Ne3 Rxe3+ 55. Bxe3 Qxe3+ 56. Kg4 Qg1+ 57. Kf5 Qa1 58. Nh5 Qxa4 59. Nf6+ Kh8 60. Kg5 Qb5+ 61. Kg4 Qe5 62. Nh5 Qe4+ 63. Kg5 Qg6+ 64. Kh4 Qxh6 0-1

[Event "*** Titled Tuesday Blitz"]
[Site "Chess.com"]
[Date "2020.05.19"]
[Round "2"]
[White "Doraemon7"]
[Black "LogoCzar"]
[Result "0-1"]
[WhiteElo "2653"]
[BlackElo "2456"]
[TimeControl "180+1"]
[EndTime "12:19:29 PDT"]
[Termination "LogoCzar won by resignation"]

1. Nf3 d5 2. d4 Nf6 3. c4 c6 4.
e3 e6 5. Bd3 Nbd7 6. O-O Bd6 7.
b3 O-O 8. Bb2 b6 9. Ne5 Bb7 10.
Qf3 Qc7 11. Qg3 Ne4 12. Bxe4 dxe4 13. Nd2 f6 14. Nxe4 fxe5 15. Nxd6 Qxd6 16. dxe5 Qe7 17. Rad1 Nc5 18. Qg4 Rad8 19. Rd6 Rxd6 20. exd6 Qf7 21.
f3 Nd7 22. Rd1 c5 23. Qg5 h6 24. Qe7 Re8 25. Qh4 e5 26. e4 Qf6 27. Qf2 Rd8 28. Qg3 g5 29. Bc3 Qf4 30. Qf2 Nb8 31. g3 Qf6 32.
Qe3 Rxd6 33. Rf1 Qg7 34. h3 Nc6 35. Kh2 Nd4 36. Rf2 Rf6 37. b4 Qf7 38. Kg2 Qxc4 39. bxc5 bxc5 40. Ba1 Nc2 41. Qc1 Na3 42. Qxa3 Bxe4 43.
Bxe5 Rxf3 44. Rxf3 Qe2+ 45. Kg1 Bxf3 46. Qb3+ c4 47.
Qb8+ Kf7 48. Qc7+ Kg6 49. Qd6+ Kf5 50. Qf6+ Ke4 51. Qg6+ Kxe5 52. Qe8+ Kd4 53. Qxe2 Bxe2 54. h4 c3 0-1

[Event "*** Titled Tuesday Blitz"]
[Site "Chess.com"]
[Date "2020.05.19"]
[Round "2"]
[White "JLRHei"]
[Black "IIIlllII1llIl"]
[Result "0-1"]
[WhiteElo "2340"]
[BlackElo "2634"]
[TimeControl "180+1"]
[EndTime "12:19:29 PDT"]
[Termination "IIIlllII1llIl won by checkmate"]

1. d4 Nf6 2. c4 g6 3. Nf3 Bg7 4. g3 c6 5. Bg2 d5 6. O-O O-O 7. Nbd2 Bf5 8. Nh4 Be6 9. b3 c5 10. Bb2 cxd4 11. Bxd4 Nc6 12. Bb2 Qa5 13. cxd5 Bxd5 14.
Nc4 Bxc4 15. bxc4 Rac8 16. Qb3 Qc7 17. Bc3 Nd7 18. Rfc1 Nc5 19. Qa3 Nd4 20. Bxd4 Bxd4 21. Rab1 b6 22. Nf3 Bf6 23. h4 Rfd8 24. Rc2 h5 25. Rbc1 Kg7 26. Kh2 Rd7 27. Qe3 Rcd8 28. Ng5 Qe5 29. Qxe5 Bxe5 30. Bc6 Rd2 31. Bd5 Rxc2 32.
Rxc2 e6 33. Bf3 Rd1 34. Ne4 Nxe4 35. Bxe4 f5 36. Bd3 f4 37. Kg2 fxg3 38. fxg3 Rb1 39. c5 bxc5 40. Rxc5 Bd6 41. Rc6 Rb6 42. Rc2 Kf6 43.
Kf3 a5 44. e4 a4 45. Bc4 a3 46.
Bb3 Rxb3+ 47. axb3 Be5 48. b4 Bb2 49. e5+ Kf5 50.
Rc8 a2 51. Ra8 a1=Q 52. Rxa1 Bxa1 53. b5 Bxe5 54. b6 Bb8 55. b7 e5 56. Ke3 e4 57.
Kf2 Ke5 58. Kg2 Kf5 59. Kf2 Ba7+ 60. Kg2 Kg4 61. Kh2 Kf3 62. Kh3 Bb8 63. g4 hxg4# 0-1

[Event "*** Titled Tuesday Blitz"]
[Site "Chess.com"]
[Date "2020.05.19"]
[Round "2"]
[White "Everyfishknows"]
[Black "PetrolulSah"]
[Result "0-1"]
[WhiteElo "2402"]
[BlackElo "2191"]
[TimeControl "180+1"]
[EndTime "12:19:29 PDT"]
[Termination "PetrolulSah won on time"]

1. d4 Nf6 2. c4 g6 3. Nc3 d5 4.
Nf3 Bg7 5. Bg5 Ne4 6. Bf4 Nxc3 7.
bxc3 c5 8. e3 cxd4 9. cxd4 Nc6 10. Be2 dxc4 11. Bxc4 Qa5+ 12. Qd2 O-O 13. Qxa5 Nxa5 14.
Bd3 Be6 15. Ke2 Rac8 16. Rhc1 Bc4 17. Ne5 Bxe5 18. Bxe5 b5 19. e4 Bxd3+ 20. Kxd3 Nc4 21. Bf4 Rfd8 22. Be3 Nxe3 23. Kxe3 Kf8 24. d5 Ke8 25.
Kd4 Kd7 26. f4 a5 27. e5 b4 28. Rc4 Rxc4+ 29. Kxc4 Rc8+ 30. Kb5 Rc2 31. Kxa5 Rxg2 32.
Kxb4 Rf2 33. Kc5 Rc2+ 34. Kd4 Rxh2 35. a4 Rf2 36. Ke3 Rb2 37. a5 Rb7 38. Kd4 Rb4+ 39. Kc5 Rxf4 40. a6 Rf2 41. a7 Rc2+ 42. Kb6 Rb2+ 43.
Kc5 Rc2+ 44. Kb6 Rc8 45. Kb7 Rc7+ 46. Kb6 Rc8 47. a8=Q Rxa8 48. Rxa8 h5 49. Rh8 f6 50. e6+ Kd6 51. Rd8+ Ke5 52. Rd7 h4 53. Rxe7 Kxd5 54. Rh7 Kxe6 55. Rxh4 g5 56. Rh8 g4 57. Kc5 Ke5 58.
Re8+ Kf4 59. Kd4 g3 60. Rg8 f5 61. Kd3 Kf3 62. Kd2 f4 63. Ke1 Kg2 0-1

[Event "*** Titled Tuesday Blitz"]
[Site "Chess.com"]
[Date "2020.05.19"]
[Round "2"]
[White "Ashedu66"]
[Black "ErikBlomqvist"]
[Result "1/2-1/2"]
[WhiteElo "2131"]
[BlackElo "2354"]
[TimeControl "180+1"]
[EndTime "12:19:29 PDT"]
[Termination "Game drawn by repetition"]

1. d4 Nf6 2. Nf3 d5 3. c4 c6 4. e3 g6 5. Nc3 Bg7 6. h3 O-O 7. Bd3 b6 8. O-O Bb7 9. cxd5 cxd5 10. Qe2 Nc6 11. Bd2 Qd6 12. Nb5 Qd7 13. Rfc1 Rfc8 14.
a3 Ne4 15. Be1 e6 16. Rc2 a6 17. Nc3 Nxc3 18. Bxc3 b5 19. Rac1 Rc7 20. Bb4 Rcc8 21. Bc5 Na5 22. Nd2 Nc4 23. b3 Nd6 24. Nf3 Ne4 25. b4 Bc6 26. Ne5 Qb7 27. Bxe4 dxe4 28. Nxc6 Rxc6 29. Qg4 f5 30. Qe2 Rac8 31. Rc3 Qd7 32.
R1c2 Qd5 33. Qd1 Kf7 34. Qc1 e5 35. dxe5 Bxe5 36. Bd4 Rxc3 37. Rxc3 Rxc3 38. Qxc3 Bxd4 39. exd4 Qc4 40. Qe3 Ke6 41. g3 Kd5 42. Qh6 Qxd4 43. Qxh7 Qd1+ 44. Kh2 Qf3 45. Qd7+ Kc4 46. Qc6+ Kb3 47.
Kg1 Kxa3 48. Qxa6+ Kxb4 49. Qxg6 Kb3 50. Qe6+ Kb2 51. Qd5 b4 52. Qd2+ Kb3 53. Qd5+ Ka3 54. Qa5+ Kb3 55. Qd5+ Kc3 56. Qc5+ Kb3 57. Qd5+ 1/2-1/2

[Event "*** Titled Tuesday Blitz"]
[Site "Chess.com"]
[Date "2020.05.19"]
[Round "2"]
[White "GM_dmitrij"]
[Black "ValeriyGrinev"]
[Result "1-0"]
[WhiteElo "2915"]
[BlackElo "2557"]
[TimeControl "180+1"]
[EndTime "12:19:30 PDT"]
[Termination "GM_dmitrij won by resignation"]

1. e4 c5 2. Nf3 e6 3. d4 cxd4 4. Nxd4 a6 5. c4 Nf6 6. Nc3 Qc7 7. Be2 Bb4 8. O-O b6 9. Bg5 Bb7 10. Qd3 Bxc3 11. Bxf6 gxf6 12. Qxc3 Bxe4 13. Rae1 Rg8 14. Bf3 Bxf3 15. Qxf3 Nc6 16. Qxf6 Nxd4 17. Qxd4 Rc8 18. Re4 Qc5 19. Qd2 Qg5 20. f4 Qc5+ 21. Rd4 h5 22. Rd1 Rc7 23. Kh1 Qc6 24. Rd6 Qb7 25.
b3 Rg4 26. h3 Rg3 27. Kh2 h4 28. Qf2 Qe4 29. R1d2 b5 30. Qb6 Rb7 31. Qf2 bxc4 32. R6d4 Qc6 33. Rxc4 Qb6 34. Qe2 Rc7 35. Qe5 Rxc4 36.
Qh8+ Ke7 37. Qxh4+ Ke8 38. Qh8+ Ke7 39. Qh4+ Ke8 40.
Qxg3 Rc5 41. Qg8+ Ke7 42. Qg3 Qc7 43. Rf2 Rf5 44. Qf3 Qc1 45. g4 Rd5 46. f5 Qc7+ 47.
Qg3 d6 48. fxe6 fxe6 49. Qf4 Kd7 50. Qf7+ Kc6 51. Qxe6 Qa5 52. Rc2+ Kb7 53. Qe8 Rc5 54. Qe4+ Ka7 55. Qg2 Qb6 56. Rxc5 Qxc5 57. Kh1 Qc1+ 58. Qg1+ Qxg1+ 59. Kxg1 Kb6 60. g5 Kc5 61. g6 1-0

[Event "*** Titled Tuesday Blitz"]
[Site "Chess.com"]
[Date "2020.05.19"]
[Round "2"]
[White "Igor_Lysyj"]
[Black "IljaJoke"]
[Result "0-1"]
[WhiteElo "2789"]
[BlackElo "2531"]
[TimeControl "180+1"]
[EndTime "12:19:30 PDT"]
[Termination "IljaJoke won by resignation"]

1. d4 Nf6 2. c4 g6 3. Nc3 d5 4.
cxd5 Nxd5 5. e4 Nxc3 6. bxc3 Bg7 7.
Bg5 c5 8. Rc1 O-O 9. Nf3 Bg4 10.
d5 Qd6 11. Be2 Nd7 12. c4 e6 13. O-O exd5 14. exd5 Rfe8 15. h3 Bxf3 16. Bxf3 Bd4 17. Qb3 b6 18. Rce1 Qg3 19. Be3 Qe5 20. Bd2 Qd6 21.
a4 Ne5 22. Be2 Qf6 23. g3 h5 24. Kg2 h4 25. f4 Nd7 26. Bg4 Nf8 27. f5 Rxe1 28.
Bxe1 g5 29. gxh4 gxh4 30. Bd2 Re8 31. Qf3 Nh7 32. Re1 Rxe1 33. Bxe1 Ng5 34. Qf4 Be5 35. Qe3 Nh7 36. Bd2 Kf8 37. Qe4 Ke7 38. a5 Kd6 39. axb6 axb6 40. Qb1 Kc7 41. Qa2 Kb7 42. Qa4 Qd6 43. Qe8 Qc7 44. Bf3 Bd6 45. Bf4 Nf6 46. Bxd6 Nxe8 47. Bxc7 Kxc7 48. Be4 Kd6 49. Kf3 Ke5 50. Bc2 Nd6 51. Kg4 Nxc4 52. Kxh4 Ne3 53. Bd3 Nxd5 54. Kg5 Nf4 55. Bf1 c4 56. h4 c3 57. h5 Nxh5 58. Kxh5 c2 0-1

[Event "*** Titled Tuesday Blitz"]
[Site "Chess.com"]
[Date "2020.05.19"]
[Round "2"]
[White "Noam_Vitenberg"]
[Black "icychess54"]
[Result "0-1"]
[WhiteElo "2438"]
[BlackElo "2255"]
[TimeControl "180+1"]
[EndTime "12:19:31 PDT"]
[Termination "icychess54 won on time"]

1. d4 d5 2. c4 c6 3. Nf3 Nf6 4. Nc3 e6 5. Bg5 Nbd7 6. e3 Qa5 7.
Nd2 Ne4 8. Ncxe4 dxe4 9. Bh4 e5 10. Be2 Bb4 11. a3 Bxd2+ 12. Qxd2 Qxd2+ 13. Kxd2 exd4 14. exd4 f5 15. f3 exf3 16. Bxf3 Kf7 17. Rhe1 Nf6 18. Kc3 Bd7 19. Re5 Rhe8 20. Rae1 h6 21. b4 g5 22. Bf2 g4 23. Bd1 Rxe5 24. dxe5 Ne4+ 25. Rxe4 fxe4 26. Kd4 Bf5 27. Ke3 Ke6 28. Bg3 Rd8 29. Bc2 a5 30. Bf4 axb4 31. axb4 Ra8 32. Bxe4 Bxe4 33.
Kxe4 h5 34. h3 gxh3 35. gxh3 Ra3 36. h4 Rb3 37. Bd2 Rh3 38. Bg5 Rb3 39. Bd2 b5 40. cxb5 cxb5 41. Kd4 Rh3 42. Bg5 Rf3 43. Kc5 Kxe5 44.
Kxb5 Kd5 45. Kb6 Rb3 46. Be7 Kc4 47. Kc6 Re3 48. Kd7 Kb5 49. Ke8 Re4 50. Kf7 Kc6 51. Bf6 Rxb4 52. Kg6 Rb6 53. Bg5 Kd5+ 54. Kxh5 Ke5 55.
Kg4 Rb4+ 56. Kh5 Kf5 57. Kh6 Rb6+ 58. Kh5 Rb8 59. Kh6 Rb7 0-1

[Event "*** Titled Tuesday Blitz"]
[Site "Chess.com"]
[Date "2020.05.19"]
[Round "2"]
[White "SameerMujumdar"]
[Black "TheFireChess"]
[Result "1-0"]
[WhiteElo "2254"]
[BlackElo "2433"]
[TimeControl "180+1"]
[EndTime "12:19:31 PDT"]
[Termination "SameerMujumdar won by resignation"]

1. d4 d6 2. c4 f5 3. Nc3 Nf6 4. g3 g6 5. Bg2 Bg7 6. Nf3 O-O 7. O-O c6 8. b3 Na6 9. Bb2 h6 10. Qc2 g5 11. Rad1 Rf7 12. Rfe1 Ne4 13. Nxe4 fxe4 14. Qxe4 Bf5 15. Qe3 Nb4 16. Qd2 Nxa2 17.
Ra1 Qb6 18. Rxa2 Qxb3 19. Rea1 a6 20. Qc3 Qxc3 21. Bxc3 Raf8 22. Rb2 Bc8 23. h3 e6 24. Rc1 Kh7 25. d5 Bxc3 26. Rxc3 exd5 27. cxd5 c5 28. Rb6 Rd8 29. Re3 Kg7 30. Nd2 Kf8 31. Nc4 Rf6 32. Bf3 Kf7 33. Bg4 Bxg4 34. hxg4 Rd7 35. Kg2 Kg6 36. Re6 Rxe6 37. dxe6 Re7 38. Rxd6 b5 39. Ne5+ Kf6 40. Nd7+ Kg7 41. Rxa6 c4 42. Rb6 c3 43. Rxb5 Rxe6 44. Rc5 Rxe2 45. Rxc3 Re7 46. Nc5 Kg6 47. Re3 Rc7 48. Nd3 Rc2 49. Re6+ Kg7 50. Ne5 Re2 51. Kf3 Re1 52. Re7+ Kf6 53. Nc6 Rxe7 54. Nxe7 Kxe7 55. Ke4 Ke6 56. f3 Kf6 57. Kd5 Kg6 58. Ke5 Kf7 59.
Kf5 Kg7 60. Ke6 Kg6 61. f4 gxf4 62. gxf4 Kg7 63. f5 Kg8 64. Ke7 h5 65. f6 Kh7 66.
f7 hxg4 67. f8=Q Kg6 68. Qf4 Kh5 69. Qg3 Kg5 70. Ke6 1-0

[Event "*** Titled Tuesday Blitz"]
[Site "Chess.com"]
[Date "2020.05.19"]
[Round "2"]
[White "djano"]
[Black "hongnhung1234"]
[Result "1-0"]
[WhiteElo "2442"]
[BlackElo "2210"]
[TimeControl "180+1"]
[EndTime "12:19:32 PDT"]
[Termination "djano won by checkmate"]

1. d4 f5 2. Bf4 Nf6 3. e3 g6 4. h4 h6 5. c3 Bg7 6. Qb3 e6 7. Nf3 Nc6 8. Nbd2 b6 9. Ne5 Nxe5 10.
Bxe5 Bb7 11. O-O-O d6 12. Qxe6+ Qe7 13. Qxe7+ Kxe7 14. Bg3 g5 15. f3 Rae8 16. Bf2 Kd7 17. Bd3 f4 18. e4 Re7 19. hxg5 hxg5 20. Rxh8 Bxh8 21.
Rh1 Bg7 22. Kc2 c5 23. a4 Kc7 24. Nc4 d5 25. exd5 Nxd5 26. dxc5 bxc5 27. Bxc5 Rd7 28.
Bxa7 Ba6 29. Ne5 Bxd3+ 30. Nxd3 Kc6 31. Bd4 Bxd4 32. cxd4 Ne3+ 33. Kd2 Rxd4 34. Rh6+ Kd5 35. Rg6 Kc4 36. Rc6+ Kb3 37. Ke2 Kxa4 38. g4 Rd8 39. Rc5 Rh8 40. Rxg5 Rh2+ 41. Nf2 Rg2 42. Re5 Kb3 43.
Re4 Nd5 44. Kf1 Rh2 45. Kg1 Rh8 46. Nd3 Rc8 47. Nxf4 Nxf4 48. Rxf4 Kxb2 49. Kg2 Rc1 50. Kg3 Kc3 51. g5 Kd3 52. Rf8 Ke3 53. Re8+ Kd4 54.
Kf4 Rc5 55. g6 Rc7 56. Kf5 Kd5 57. Kf6 Rc3 58. f4 Rf3 59. f5 Kd6 60. g7 Kd7 61. g8=Q Rd3 62. Qe6+ Kc7 63. Rc8+ Kb7 64. Qc6+ Ka7 65.
Ra8# 1-0

[Event "*** Titled Tuesday Blitz"]
[Site "Chess.com"]
[Date "2020.05.19"]
[Round "2"]
[White "saisree"]
[Black "OMGCovid-19"]
[Result "1-0"]
[WhiteElo "2356"]
[BlackElo "1843"]
[TimeControl "180+1"]
[EndTime "12:19:32 PDT"]
[Termination "saisree won by resignation"]

1. e4 e6 2. d4 d5 3. Nd2 Nf6 4. e5 Nfd7 5. Bd3 c5 6. c3 Nc6 7. Ne2 cxd4 8. cxd4 f6 9. exf6 Nxf6 10. Nf3 Bd6 11.
Bf4 Qc7 12. Bxd6 Qxd6 13. O-O O-O 14. Re1 e5 15. dxe5 Nxe5 16. Nxe5 Qxe5 17. Nd4 Qg5 18. Qf3 Bd7 19. Qg3 Qxg3 20. hxg3 Rfe8 21. Rxe8+ Rxe8 22. Rc1 Rc8 23. Rxc8+ Bxc8 24. f3 Kf7 25. Kf2 Ke7 26.
Ke3 Kd6 27. Bf5 Bd7 28. g4 g6 29. Bd3 a6 30. Kf4 Kc5 31. Ne2 Be6 32. Kg5 Nd7 33. Kh6 Ne5 34. Bc2 Nc4 35. Kxh7 Nxb2 36. Kxg6 d4 37. Nf4 Bxa2 38. Kf6 Bc4 39. g5 d3 40. Bxd3 Nxd3 41. Nxd3+ Bxd3 42. f4 a5 43. f5 a4 44. g6 a3 45. Ke7 Bc4 46. f6 a2 47. f7 a1=Q 48. f8=Q Qe1+ 49. Kd7+ Kd4 50. Qd6+ Bd5 51. g7 Kc4 52. Qxd5+ Kxd5 53. g8=Q+ Kd4 54. Qg4+ Kd3 55. Qf5+ Ke3 56. Qe5+ Kf2 57. Qxe1+ Kxe1 58. g4 b5 59. g5 b4 60. g6 b3 61. g7 b2 62. g8=Q b1=Q 63. Qg1+ Kd2 64. Qxb1 Ke3 65. Ke6 1-0

[Event "*** Titled Tuesday Blitz"]
[Site "Chess.com"]
[Date "2020.05.19"]
[Round "2"]
[White "Evgeny81"]
[Black "bazar-wokzal"]
[Result "0-1"]
[WhiteElo "2719"]
[BlackElo "2506"]
[TimeControl "180+1"]
[EndTime "12:19:34 PDT"]
[Termination "bazar-wokzal won on time"]

1. e4 Nc6 2. d4 d5 3. exd5 Qxd5 4. Nf3 Bg4 5. Be2 O-O-O 6. c4 Qh5 7. Be3 Nh6 8. O-O Nf5 9. h3 Bxf3 10. Bxf3 Nxe3 11. fxe3 Qh6 12. Qb3 e5 13. d5 Nb8 14.
Bg4+ Nd7 15. Rxf7 Bc5 16. Nc3 Rhf8 17. Bxd7+ Rxd7 18. Rxf8+ Bxf8 19. Ne4 Qg6 20. Qd3 c6 21. Rf1 Rf7 22. Rxf7 Qxf7 23. dxc6 bxc6 24. Ng5 Qd7 25. Qxd7+ Kxd7 26. Nxh7 Be7 27. Kf2 Kd6 28. Kf3 Kc5 29. Ke4 Kb4 30. Kxe5 Kxc4 31. e4 Kd3 32. Ke6 Bh4 33.
e5 Kc2 34. Kd7 c5 35. e6 c4 36. g3 Kxb2 37. gxh4 c3 38. e7 c2 39. e8=Q c1=Q 40.
Qb8+ Ka1 41. Qe5+ Kxa2 42. Qxg7 a5 43. Qf7+ Ka3 44. Qf3+ Kb2 45. Qe2+ Qc2 46. Qe5+ Kb3 47. Ng5 a4 48. h5 a3 49. Ne4 a2 50. h6 Qd1+ 51.
Ke7 a1=Q 52. Nc5+ Kc4 53. Qxa1 Qxa1 54. Ne6 Qh8 55. Kf7 Qxh6 0-1

[Event "*** Titled Tuesday Blitz"]
[Site "Chess.com"]
[Date "2020.05.19"]
[Round "2"]
[White "Maksimus1998"]
[Black "swayamsm"]
[Result "1-0"]
[WhiteElo "2438"]
[BlackElo "2648"]
[TimeControl "180+1"]
[EndTime "12:19:34 PDT"]
[Termination "Maksimus1998 won by resignation"]

1. c4 e6 2. Nc3 d5 3. d4 Nf6 4. cxd5 exd5 5. Bg5 Bb4 6. e3 h6 7. Bh4 c5 8. dxc5 Nc6 9. Bb5 g5 10. Bg3 Ne4 11. Ne2 Qa5 12. O-O Bxc3 13. Nxc3 Nxc3 14.
Bxc6+ bxc6 15. bxc3 Qxc5 16. Be5 O-O 17. Qh5 Kh7 18.
h4 Qe7 19. Bg3 Bf5 20. hxg5 Qxg5 21. Qxg5 hxg5 22. Rfd1 Kg6 23. Rd4 f6 24. c4 Be6 25.
c5 Rf7 26. Rb1 Rh8 27. f3 Rfh7 28. Kf2 Bf5 29. Rb2 Re7 30. Ra4 Rh1 31. Ra6 Bd7 32. Rxa7 Rc1 33. Bd6 Rh7 34. Rbb7 Rc2+ 35. Kg3 Rh1 36.
Rxd7 Rg1 37. Rg7+ Kf5 38. e4+ dxe4 39. fxe4+ Kxe4 40. Rge7+ Kf5 41. Kf3 Rgxg2 42. Ke3 Rge2+ 43. Kd3 Red2+ 44. Ke3 Re2+ 45. Kd3 Red2+ 46. Ke3 Rh2 47. Bxh2 Rxh2 48. Rec7 g4 49. Rxc6 g3 50. Rf7 Rxa2 51.
Rcxf6+ Kg4 52. Rg6+ Kh3 53. Rh7+ Kg2 54. Rhg7 Ra3+ 55. Kd4 Kf2 56. Rxg3 1-0

[Event "*** Titled Tuesday Blitz"]
[Site "Chess.com"]
[Date "2020.05.19"]
[Round "2"]
[White "Zarikovs1999"]
[Black "NotFischer"]
[Result "1-0"]
[WhiteElo "2403"]
[BlackElo "2109"]
[TimeControl "180+1"]
[EndTime "12:19:34 PDT"]
[Termination "Zarikovs1999 won by checkmate"]

1. g3 Nf6 2. Bg2 g6 3. c4 Bg7 4.
Nf3 d6 5. O-O O-O 6. d4 c6 7.
Nc3 Nbd7 8. b3 e5 9. dxe5 dxe5 10. Ba3 Re8 11. Qc2 Qa5 12. Bb2 b6 13. a3 Qc5 14.
Rad1 Bb7 15. Ng5 Rad8 16. Nge4 Nxe4 17. Nxe4 Qe7 18. Nd6 Nc5 19. Nxe8 Rxe8 20. b4 Ne6 21. e3 f5 22. Rd2 e4 23. Bxg7 Qxg7 24. Rfd1 Bc8 25. Rd6 c5 26. Qa4 Rf8 27. Qc6 cxb4 28.
Rxe6 Bxe6 29. Qxe6+ Qf7 30. Qxf7+ Rxf7 31. axb4 Rc7 32.
Rc1 Kf7 33. Bf1 a5 34. bxa5 bxa5 35. Ra1 Ra7 36. c5 a4 37. c6 Ke7 38. c7 Kd7 39.
Rxa4 Rxc7 40. Rd4+ Ke7 41. g4 Kf6 42. Kg2 Re7 43.
Kg3 fxg4 44. Kf4 h5 45. Rd6+ Kf7 46. Bg2 Kg7 47. Bxe4 Rf7+ 48. Kg3 Rf6 49. Rxf6 Kxf6 50. h3 gxh3 51. Kxh3 g5 52. Bf3 Kg6 53. Kg3 Kh6 54. Bd1 Kg6 55. f4 gxf4+ 56. Kxf4 h4 57. Bg4 Kf6 58. e4 Ke7 59. e5 Kf7 60. Bh3 Ke7 61.
Kf5 Kf7 62. e6+ Ke7 63. Ke5 Ke8 64. Kf6 Kf8 65. e7+ Ke8 66. Bf1 h3 67. Bb5# 1-0

[Event "*** Titled Tuesday Blitz"]
[Site "Chess.com"]
[Date "2020.05.19"]
[Round "2"]
[White "joppie2"]
[Black "Chessialist"]
[Result "1-0"]
[WhiteElo "2908"]
[BlackElo "2553"]
[TimeControl "180+1"]
[EndTime "12:19:35 PDT"]
[Termination "joppie2 won by resignation"]

1. e4 e5 2. Nf3 Nc6 3. Bc4 Be7 4. c3 Nf6 5. d3 d6 6. O-O O-O 7. Re1 Na5 8. Bb5 a6 9. Ba4 b5 10. Bc2 c5 11. Nbd2 Re8 12. Nf1 Bf8 13. Ng3 g6 14. h3 Bg7 15. a4 Bd7 16. Bg5 Qc7 17. Qd2 Be6 18. b4 cxb4 19. cxb4 Nc6 20. Rec1 Qd7 21. Bh6 Bh8 22. Ng5 Nd4 23. Ne2 Nxc2 24.
Qxc2 Rec8 25. Qd1 Rxc1 26. Nxc1 Rc8 27. axb5 axb5 28. Ne2 Bg7 29. Bxg7 Kxg7 30. d4 Bc4 31. Ng3 h6 32. Nf3 Qe7 33. Nh4 Kh7 34. Qd2 exd4 35. Qxd4 Qe5 36. Nf3 Qxd4 37. Nxd4 Re8 38. f3 d5 39. Ra6 Kg7 40. e5 Rxe5 41. Kf2 h5 42. h4 Ne8 43. Rb6 Nc7 44. Rb7 Ne6 45.
Nc6 Rf5 46. Nxf5+ gxf5 47. Ne5 Kf6 48. Nxf7 d4 49. Nd6 Nf4 50. Nxb5 d3 51. Nc3 d2 52.
Rd7 Nd3+ 53. Ke3 Nxb4 54. Rxd2 Be6 55. Kf4 Nc6 56. Rd6 Ne7 57. g3 Ng6+ 58. Ke3 Ke5 59. Rd4 f4+ 60. gxf4+ Kf6 61. Ne4+ Kg7 62. Ng3 Ne7 63.
Nxh5+ Kh6 64. Ng3 Kg7 65. Kf2 Kf6 66. Rd6 Nc8 67. Ra6 Ke7 68. f5 Bd5 69. f6+ Kf7 70.
Ne4 Bc4 71. Ng5+ Kg6 72. f7+ Kg7 73. Rf6 1-0

[Event "*** Titled Tuesday Blitz"]
[Site "Chess.com"]
[Date "2020.05.19"]
[Round "2"]
[White "FrogMist"]
[Black "temus_galaktionov"]
[Result "1/2-1/2"]
[WhiteElo "2389"]
[BlackElo "2697"]
[TimeControl "180+1"]
[EndTime "12:19:36 PDT"]
[Termination "Game drawn by agreement"]

1. e4 c6 2. d4 g6 3. Nc3 Bg7 4. Be3 d6 5. Qd2 Nd7 6. h4 Ngf6 7.
Be2 e5 8. h5 Qa5 9. hxg6 hxg6 10. Rxh8+ Bxh8 11. O-O-O b5 12. dxe5 dxe5 13. a3 Bb7 14.
Kb1 O-O-O 15. Bg5 Bg7 16. Nf3 Qc7 17. Qd6 Qxd6 18. Rxd6 Kc7 19. Rd1 Rh8 20. b4 Ng4 21. Bh4 a6 22. Bg3 f5 23. exf5 gxf5 24. Nd4 Bf6 25.
Nxf5 Nh6 26. Nd6 Ba8 27. Nce4 Be7 28. c4 bxc4 29. Nxc4 a5 30. Nxa5 Nf5 31. Bg4 Rf8 32. Nc4 c5 33. Ng5 Kc6 34. Ne6 Rf6 35. Nxc5 Nxc5 36. bxc5 Kxc5 37. Nxe5 Nxg3 38. Nd7+ Kc4 39. Nxf6 Bxf6 40. fxg3 Be4+ 41. Kc1 Kc3 42. Rf1 Bg5+ 43. Kd1 Bc2+ 44. Ke2 Bd3+ 45. Kf2 Bxf1 46. Kxf1 Kb3 47. Kf2 Kxa3 48. Kf3 Kb4 49. Be6 Kc5 50.
Ke4 Kd6 51. Kf5 Bc1 52. g4 Ke7 53. Ba2 Kf8 54. Kg6 Bb2 55. g5 Bg7 56. Kh7 Ba1 57.
g6 Bg7 58. Bf7 Ba1 59. Kh6 Bg7+ 60. Kg5 Ba1 61. Kf5 Kg7 62. Be8 Bb2 63. g4 Bc1 64. g5 Bd2 65. Ke6 1/2-1/2

[Event "*** Titled Tuesday Blitz"]
[Site "Chess.com"]
[Date "2020.05.19"]
[Round "2"]
[White "cukin84"]
[Black "WPWPWP-2015"]
[Result "0-1"]
[WhiteElo "2126"]
[BlackElo "2405"]
[TimeControl "180+1"]
[EndTime "12:19:38 PDT"]
[Termination "WPWPWP-2015 won by checkmate"]

1. e4 c5 2. Nc3 d6 3. f4 g6 4. Nf3 Bg7 5. d3 e6 6. g3 Ne7 7.
Bg2 O-O 8. O-O Bd7 9. Qe1 Nbc6 10. Nd1 f5 11. Ne3 Nd4 12. c3 Nxf3+ 13. Bxf3 Bc6 14. Nc2 Qd7 15. exf5 gxf5 16. Be3 Rae8 17. Qf2 Nd5 18. Bg2 Nf6 19. h3 Nd5 20. d4 c4 21. Bxd5 Bxd5 22.
Rae1 Qf7 23. Kh2 Bf6 24. Rg1 Kh8 25. g4 b5 26. g5 Bg7 27. Qh4 Qg6 28. Nb4 Be4 29. a3 e5 30. dxe5 dxe5 31. Rd1 exf4 32. Bxf4 Bf3 33. Rd6 Re6 34. Rxe6 Qxe6 35. g6 Qe2+ 36. Kg3 h5 37. Na2 Rf6 38. Qg5 Bc6 39.
Nc1 Qf3+ 40. Kh4 Qf2+ 41. Bg3 Qf3 42. Qxh5+ Qxh5+ 43. Kxh5 f4 44. Bh4 Bf3+ 45. Kg5 Be4 46. Re1 Bxg6 47. Re7 f3 48. Rb7 Kh7 49. Kg4 f2 50. Bxf6 f1=Q 51. Rxg7+ Kh6 52. h4 Qd1+ 53. Kf4 Qf1+ 54. Ke5 Qf5+ 55. Kd6 Qxf6+ 56. Kd5 Kxg7 57. Ne2 Bf7+ 58. Kc5 Qe5+ 59. Kb4 Qxe2 60. Ka5 Qd3 61. b4 Be8 62. Ka6 Qd6+ 63. Ka5 Qb6# 0-1